 Dungeon Crawl Stone Soup version 0.29.1-15-g9cfb28693d (webtiles) character file.

Game seed: 2113406927651743237

2624 BuddhaDhamma the Severer (level 9, -1/70 HPs)
             Began as a Minotaur Berserker on Mar 6, 2023.
             Was a High Priest of Trog.
             Slain by a gnoll
             ... wielding a +0 halberd
             ... led by a gnoll sergeant
              (9 damage)
             ... on level 8 of the Dungeon on Mar 7, 2023.
             The game lasted 00:18:54 (7446 turns).

BuddhaDhamma the Severer (Minotaur Berserker)       Turns: 7446, Time: 00:18:55

Health: -1/70      AC: 25    Str: 25    XL:     9   Next: 34%
Magic:  8/8        EV:  7    Int:  4    God:    Trog [*****.]
Gold:   502        SH:  0    Dex: 11    Spells: 8/8 levels left

rFire   . . .      SeeInvis .   C - +2 battleaxe
rCold   . . .      Faith    .   (shield currently unavailable)
rNeg    . . .      Spirit   .   k - +2 plate armour
rPois   .          Reflect  .   (helmet restricted)
rElec   .          Harm     .   H - +2 cloak
rCorr   .          Rampage  .   m - +1 Delatra's gloves {ID++}
Will    .....                   G - +2 pair of boots
Stlth   ..........              y - amulet of the acrobat
HPRegen 0.21/turn               f - +4 ring of protection
MPRegen 0.11/turn               q - ring of flight

@: on berserk cooldown, flying, slowed, very slow
A: horns 2, retaliatory headbutt
a: Renounce Religion, Berserk, Trog's Hand, Brothers in Arms


You were on level 8 of the Dungeon.
You worshipped Trog.
Trog was extremely pleased with you.
You visited 1 branch of the dungeon, and saw 8 of its levels.
You also visited: Sewer and Ossuary.

You collected 502 gold pieces.

Inventory:

Hand Weapons
 C - a +2 battleaxe (weapon)
Missiles
 n - 4 throwing nets
 p - 15 poisoned darts (quivered)
Armour
 a - the +0 chain mail of Purpose {Str+3 SInv}
   (You found it on level 7 of the Dungeon)

   Str:       It affects your strength (+3).
   SInv:      It lets you see invisible.
 k - a +2 plate armour (worn)
 m - the +1 Delatra's gloves (worn) {ID++}
   (You found it on level 2 of the Dungeon)

   It heals its wearer when they drink unknown potions.
   It restores its wearer's MP when they read unknown scrolls.
 G - a +2 pair of boots (worn)
 H - a +2 cloak (worn)
Jewellery
 f - a +4 ring of protection (left hand)
 q - a ring of flight (right hand)
 y - an amulet of the acrobat (around neck)
Wands
 r - a wand of polymorph (6)
 v - a wand of iceblast (25)
 w - a wand of flame (14)
 F - a wand of mindburst (24)
 I - a wand of quicksilver (14)
Scrolls
 i - 2 scrolls of blinking
 x - 2 scrolls of fear
 A - 2 scrolls of silence
 D - 2 scrolls of teleportation
Potions
 b - 2 potions of magic
 c - a potion of degeneration
 d - 9 potions of curing
 g - 4 potions of lignification
 h - a potion of berserk rage {unknown}
 l - 3 potions of invisibility
 o - 2 potions of haste
 s - a potion of might
 t - 4 potions of heal wounds
 u - a potion of attraction {unknown}
 z - a potion of flight {unknown}
 B - a potion of cancellation {unknown}


   Skills:
 - Level 3.6 Fighting
 + Level 15.3 Axes
 - Level 2.4 Armour
 - Level 2.1 Dodging


You had 8 spell levels left.
You didn't know any spells.
Your spell library was empty.

Dungeon Overview and Level Annotations

Branches:
Dungeon (8/15)             Temple (0/1) D:6           Sewer (visited)
Ossuary (visited)
   Lair: D:8-11

Altars:
Ashenzari
Cheibriados
Nemelex Xobeh
Okawaru
Qazlal
Ru
Uskayaw
Vehumet
The Shining One

Shops:
D:3 *   D:5 (   D:6 ?


Innate Abilities, Weirdness & Mutations

You have a pair of horns on your head.
You reflexively headbutt those who attack you in melee.


Message History

You hit the gnoll but do no damage. You headbutt the gnoll!
You kill the gnoll!
Trog accepts your kill.
You hit the orc warrior but do no damage.
You hit the gnoll.
The gnoll sergeant hits you but does no damage.
The orc warrior hits you with a +0 dire flail!
The gnoll sergeant hits you but does no damage.
The gnoll hits you but does no damage. x2
The gnoll closely misses you. You furiously retaliate!
You headbutt the gnoll. The orc warrior misses you.
The gnoll completely misses you. The gnoll sergeant misses you. x2
You see here a +3 spear.
You slice the orc warrior!! Your headbutt misses the orc warrior.
The orc warrior is almost dead.
You closely miss the gnoll.
The orc warrior hits you with a +0 dire flail!
The gnoll sergeant hits you from afar with a +0 spear.
The gnoll sergeant hits you but does no damage.
The gnoll hits you with a +0 halberd!
You hit the orc warrior.
The orc warrior is almost dead.
You barely miss something. You hit the gnoll.
The gnoll sergeant hits you but does no damage.
The gnoll hits you with a +0 halberd!
* * * LOW HITPOINT WARNING * * *
The gnoll hits you but does no damage.
The gnoll sergeant hits you but does no damage.
Something hits you but does no damage.
The orc warrior hits you but does no damage.
The orc hits you but does no damage.
You hear some strange, mumbled words.
A puff of flame appears from out of thin air!
The puff of flame hits you but does no damage.
The gnoll sergeant hits you from afar with a +0 spear!
* * * LOW HITPOINT WARNING * * *
The gnoll sergeant hits you from afar with a +0 spear.
* * * LOW HITPOINT WARNING * * *
The gnoll hits you with a +0 halberd!
You die...

###########
##.....#.....
##.............
##............... ##
#....(........... ###.#
#...............
###....##?....>.........
.......#og).............
.......@og)....)........
.......g{g).)..........#
.......##.#......<....#
....... #.######<####..#
....... #.# #.# .......
#.# #.. ....... #.# ...#
....... #.# .#.. #. #.#


You could see an orc warrior, 2 gnoll sergeants, 2 gnolls and an orc.

Vanquished Creatures
  4 water moccasins
  An orc warrior (D:7)
  2 sky beasts
  A black bear (D:5)
  2 ogres (D:5)
  2 ice beasts
  A centaur (D:7)
  A gnoll sergeant (D:7)
  2 bullfrogs
  A scorpion (D:5)
  A necrophage (D:7)
  2 howler monkeys
  4 centaur zombies (Ossuary)
  A hound (D:5)
  2 jellies (D:7)
  An orc priest (D:4)
  An iguana (D:7)
  3 orc wizards
  An ogre zombie (Ossuary)
  8 mummies
  22 gnolls
  12 adders
  A river rat (D:6)
  2 shadow imps (D:4)
  An ufetubus (D:5)
  5 adder zombies (Ossuary)
  2 worms
  2 dart slugs (D:2)
  13 orcs
  7 bats
  19 endoplasms
  13 giant cockroaches
  12 hobgoblins
  2 jackals (D:1)
  8 kobolds
  5 quokkas
  15 ball pythons
  9 frilled lizards
  6 goblins
  4 goblin zombies (Ossuary)
  2 hobgoblin zombies (Ossuary)
  4 kobold zombies (Ossuary)
  3 quokka zombies (Ossuary)
  9 rats
  7 rat zombies (Ossuary)
226 creatures vanquished.

Notes
Turn   | Place    | Note
-------+----------+-------------------------------------------
     0 | D:1      | BuddhaDhamma the Minotaur Berserker began the quest for the
                  | Orb.
     0 | D:1      | Reached XP level 1. HP: 19/19 MP: 0/0
    17 | D:1      | Reached skill level 4 in Axes
   268 | D:1      | Reached XP level 2. HP: 19/26 MP: 1/1
   679 | D:1      | Reached skill level 5 in Axes
   718 | D:1      | Reached ** piety under Trog
   809 | D:1      | Reached XP level 3. HP: 31/31 MP: 2/2
  1451 | D:2      | Reached skill level 6 in Axes
  1451 | D:2      | Reached XP level 4. HP: 39/39 MP: 3/3
  1548 | D:2      | Found the +1 Delatra's gloves {ID++}
  1814 | D:2      | Reached XP level 5. HP: 38/45 MP: 4/4
  2000 | D:3      | Reached skill level 7 in Axes
  2015 | D:3      | Reached *** piety under Trog
  2058 | D:3      | Found a faded altar of an unknown god.
  2404 | D:3      | Found Noepaoh's Assorted Antiques.
  2826 | D:4      | Found a transporter.
  2941 | D:4      | Found a sacrificial altar of Ru.
  2987 | D:4      | Noticed an ice beast
  3004 | D:4      | Killed an ice beast
  3005 | D:4      | Reached skill level 8 in Axes
  3005 | D:4      | Reached XP level 6. HP: 51/51 MP: 5/5
  3137 | D:4      | Found a transporter.
  3372 | D:4      | Noticed a water moccasin
  3390 | D:4      | Killed a water moccasin
  3391 | D:4      | Reached skill level 9 in Axes
  3574 | D:4      | Found a radiant altar of Vehumet.
  3752 | D:5      | Entered Level 5 of the Dungeon
  3823 | D:5      | Reached XP level 7. HP: 48/57 MP: 6/6
  3914 | D:5      | Reached skill level 10 in Axes
  4034 | D:5      | Reached **** piety under Trog
  4047 | D:5      | Found a sand-covered staircase.
  4055 | Ossuary  | Entered an ossuary
  4461 | Ossuary  | Reached skill level 11 in Axes
  4888 | D:5      | Found a hide-covered altar of Uskayaw.
  4888 | D:5      | Noticed a +0 spear
  4888 | D:5      | Noticed a +0 falchion
  4888 | D:5      | Noticed a +0 falchion
  4889 | D:5      | Noticed a +0 dagger
  4890 | D:5      | Noticed a +0 short sword
  4890 | D:5      | Noticed a +0 spear
  4891 | D:5      | Noticed a +0 short sword
  4892 | D:5      | Noticed a +0 dagger
  4981 | D:5      | Reached XP level 8. HP: 26/64 MP: 7/7
  4986 | D:5      | Identified the +5 rapier of Kamesch {speed, Fragile rCorr
                  | Dex+5 Stlth+}
  5282 | D:5      | Reached skill level 12 in Axes
  5286 | D:5      | Found Votel's Weapon Shoppe.
  5851 | D:6      | Found a glowing drain.
  5868 | Sewer    | Entered a sewer
  5928 | Sewer    | Reached ***** piety under Trog
  5932 | Sewer    | Reached skill level 13 in Axes
  6255 | D:6      | Found an iron altar of Okawaru.
  6267 | D:6      | Found a broken altar of Ashenzari.
  6292 | D:6      | Found a snail-covered altar of Cheibriados.
  6293 | D:6      | Found a glowing golden altar of the Shining One.
  6294 | D:6      | Found a stormy altar of Qazlal.
  6298 | D:6      | Found a sparkling altar of Nemelex Xobeh.
  6361 | D:6      | Found a staircase to the Ecumenical Temple.
  6454 | D:6      | Found Ewisem's Magic Scroll Boutique.
  6874 | D:7      | Reached skill level 14 in Axes
  6971 | D:7      | Reached XP level 9. HP: 70/70 MP: 8/8
  7021 | D:7      | Received a gift from Trog
  7126 | D:7      | Reached skill level 15 in Axes
  7276 | D:7      | Identified the +0 chain mail of Purpose {Str+3 SInv}
  7446 | D:8      | Slain by a gnoll

Illustrated notes

Levels and vault maps discovered:
D:1:      dpeg_arrival_oval, layout_loops_ring
D:2:      layout_basic, serial_park_tiny_pond
D:3:      layout_loops_cross, serial_shops, shop_statue, basic_ecumenical_altar,
          minmay_box_of_dots
D:4:      gammafunk_wand_slinger, layout_basic, lemuel_tele_altar,
          mainiacjoe_overflow_24_doors, nrook_mini_backslash,
          hangedman_glass_teeth
D:5:      nicolae_cairo_tiling_large, layout_basic, nicolae_uskayaw_en_pointe,
          gup_ossuary_entry_pyramid, serial_shops, nicolae_shop_crystal
D:6:      layout_rooms, okawaru_trees_2, grunt_temple_overflow_open,
          temple_statues, portal_sewer_entry_b, kennysheep_small_square
D:7:      layout_cave_pools
D:8:      layout_rooms, lemuel_mausoleum_altar_yredelemnul, elyvilon_altar_4,
          nicolae_hepliaklqana_hazy_memory, nicolae_gozag_seed_capital,
          special_room [special_room_kobold], nzn_random_ring

Skill      XL: |  1  2  3  4  5  6  7  8  9 |
---------------+----------------------------+-----
Axes           | 4 5 6 8 9 11 14 15 | 15.3
Fighting       | |  3.6
Armour         | |  2.4
Dodging        | |  2.1

Action                   |  1- 3 |  4- 6 |  7- 9 || total
-------------------------+-------+-------+-------++-------
Melee: Hand axe          |    85 |   135 |   336 ||   556
       Headbutt          |    12 |    16 |    56 ||    84
       Battleaxe         |       |       |    17 ||    17
Throw: Dart              |       |     2 |       ||     2
Invok: Berserk           |       |     1 |     2 ||     3
  Use: Scroll            |       |     9 |    18 ||    27
Armor: Animal skin       |    16 |       |       ||    16
       Ring mail         |     8 |    57 |       ||    65
       Plate armour      |       |    27 |   181 ||   208
Dodge: Dodged            |    47 |    52 |   125 ||   224
Block: Buckler           |     5 |    16 |    46 ||    67
